 Dungeon Crawl Stone Soup version 0.23-a0-586-gacb4b3f (webtiles) character file.

49 KristoblXynda the Cutter (level 4, -3/29 HPs)
             Began as a Kobold Berserker on Dec 19, 2018.
             Was a Believer of Trog.
             Splashed by a jelly's acid (8 damage)
             ... on level 1 of the Dungeon.
             The game lasted 00:03:17 (1147 turns).

KristoblXynda the Cutter (Kobold Berserker)         Turns: 1147, Time: 00:03:18

Health: -3/29      AC:  2    Str: 14    XL:     4   Next: 2%
Magic:  4/4        EV: 15    Int: 12    God:    Trog [**....]
Gold:   62         SH:  0    Dex: 14    Spells: 3/3 levels left

rFire    . . .     SeeInvis .   e - +3 dagger (speed)
rCold    . . .     Gourm    .   (shield restricted)
rNeg     . . .     Faith    .   b - +0 animal skin
rPois    .         Spirit   .   d - +0 hat {Int+3}
rElec    .         Reflect  .   (no cloak)
rCorr    .         Harm     .   (no gloves)
MR       .....     Rnd*Tele +   (no boots)
Stlth    ++........             (no amulet)
HPRegen  0.09/turn              f - ring of teleportation (curse)
MPRegen  0.09/turn              (no ring)

@: berserk cooldown, slowed, very slow
A: small, carnivore
a: Berserk, Trog's Hand, Renounce Religion


You were on level 1 of the Dungeon.
You worshipped Trog.
Trog was pleased with you.
You were hungry.

You visited 1 branch of the dungeon, and saw 2 of its levels.

You collected 62 gold pieces.

Inventory:

Hand Weapons
 e - a +3 dagger of speed (weapon)
Armour
 b - a +0 animal skin (worn)
 d - a +0 hat of intelligence (worn)
Jewellery
 f - a cursed ring of teleportation (left hand)
Comestibles
 a - 3 chunks of flesh
 c - 3 rations


   Skills:
 + Level 3.7 Fighting
 + Level 4.5 Short Blades
 + Level 2.0 Armour
 + Level 3.0 Dodging
 + Level 1.9 Stealth


You had 3 spell levels left.
You didn't know any spells.
Your spell library was empty.

Dungeon Overview and Level Annotations

Branches:
Dungeon (2/15)

Altars:

Annotations:
D:2 Robin


Innate Abilities, Weirdness & Mutations

You are small and have problems with some larger weapons.
You are carnivorous and can eat meat at any time.


Message History

There isn't anything else to butcher here.
Unknown command.
Unknown command.
Unknown command.
You see here a jackal skeleton.
A rat comes into view.
The jelly hits you but does no damage.
There is a stone staircase leading up here.
The jelly hits you.
You are splashed with acid!
The acid burns!
* * * LOW HITPOINT WARNING * * *
You climb upwards.
There is a stone staircase leading down here.
Unknown command.
The jelly barely misses you. The jelly misses you.
The jelly hits you but does no damage. The jelly hits you.
* * * LOW HITPOINT WARNING * * *
You are splashed with acid!
The acid burns!
You die...

.###.#.###.##.......#...##.)รท##.#
...........###.###.###.###.>.'..#
####....######.##.## ##.##...##.#
#.###.####...##.###.####...#.# #)#
#........##..#...# #...#.#
#.###.###....##......# #####.#
#....## #...###.#.##########.#
###.#######...###.#.####..#.##.#
#.............J@.......#....##..
#.#.#######.#.##########..####.#
#.#.# #.#.# #..'....# #.#.# #.#.#
#..####.# #.#.#
#.#.##########...)##.#
#.#.#######....>.......#....##.#
#.#[.............#.###########.#
#.########.##.####.# #..# #.#
#.#........##########.##


You could see a jelly.

Vanquished Creatures
  An ooze (D:1)
  2 dart slugs (D:1)
  2 leopard geckos (D:1)
  2 giant cockroaches (D:1)
  4 hobgoblins
  6 jackals
  3 kobolds
  A quokka (D:2)
  2 bats (D:1)
  2 frilled lizards (D:1)
  6 goblins
  6 rats
37 creatures vanquished.

Notes
Turn   | Place    | Note
-------+----------+-------------------------------------------
     0 | D:1      | KristoblXynda the Kobold Berserker began the quest for the
                  | Orb.
     0 | D:1      | Reached XP level 1. HP: 14/14 MP: 1/1
   346 | D:1      | Reached XP level 2. HP: 17/19 MP: 2/2
   353 | D:1      | Reached skill level 1 in Stealth
   507 | D:1      | Reached XP level 3. HP: 23/23 MP: 3/3
   716 | D:1      | Reached ** piety under Trog
   853 | D:2      | Identified the +2 helmet of the Wheelwright {rElec rC+
                  | Str+3 Dex+4}
   853 | D:2      | Noticed Robin
  1123 | D:2      | Reached XP level 4. HP: 22/29 MP: 4/4
  1147 | D:1      | Splashed by a jelly's acid

Vault maps used:
D:1:      dpeg_arrival_renting
D:2:      uniq_sigmund, uniq_robin, uniq_jessica

Skill      XL: |  1  2  3 |
---------------+----------+-----
Stealth        | 1 |  1.9
Dodging        | 3 |  3.0
Armour         | 2 |  2.0
Fighting       | |  3.7
Short Blades   | |  4.5

Action                   |  1- 3 |  4- 6 || total
-------------------------+-------+-------++-------
Melee: Short sword       |    51 |       ||    51
       Dagger            |    44 |     3 ||    47
Invok: Berserk           |     1 |       ||     1
  Use: Scroll            |     1 |       ||     1
 Stab: Sleeping          |     4 |       ||     4
  Eat: Chunk             |     1 |       ||     1
Armor: Animal skin       |    10 |     2 ||    12
Dodge: Dodged            |    81 |     3 ||    84

Table legend:
 A = Non-vault XP
 B = Vault XP
 C = Vault XP percentage of total XP
 D = Non-vault monster count
 E = Vault monster count
 F = Vault count percentage of total count
                 A         B        C        D         E       F
            +---------+---------+-------+---------+---------+-------
      Total |      63 |       8 |  11.3 |      33 |       4 |  10.8
            +---------+---------+-------+---------+---------+-------
        D:1 |      48 |       6 |  11.1 |      25 |       3 |  10.7
        D:2 |      15 |       2 |  11.8 |       8 |       1 |  11.1
            +---------+---------+-------+---------+---------+-------
